[Event "Titled Tuesday Blitz June 22 2021"]
[White "Bortnyk, Olexandr"]
[Black "Balakrishnan, Praveen"]
[WhiteFideId "14120828"]
[BlackFideId "2064871"]
[WhiteElo "2723"]
[BlackElo "2237"]
[Result "1-0"]
[Round "06"]
[TimeControl "180+1"]
[Date "2021.06.22"]
[WhiteClock "0:00:08"]
[BlackClock "0:00:08"]

1. e4 e5 2. Bc4 Nf6 3. d3 c6 4. Nf3 d5 5. Bb3 Bd6 6. Nc3 dxe4 7. Ng5 O-O 8. Ncxe4 Nxe4 9. dxe4 h6 10. Nf3 a5 11. c3 Qe7 12. Be3 Rd8 13. O-O Nd7 14. Nh4 Nf6 15. Qf3 a4 16. Bc2 Ng4 17. Nf5 Bxf5 18. exf5 Nxh2 19. Qe4 Nxf1 20. f6 Qxf6 21. Qh7+ Kf8 22. Rxf1 Ke7 23. Qe4 Qg6 24. Qh4+ Qf6 25. Qe4 a3 26. b4 Kf8 27. Qh7 e4 28. Bxe4 Qh4 29. f4 Re8 30. Qh8+ Ke7 31. Qxg7 Rg8 32. Qd4 Rad8 33. Bf3 Qf6 34. Qb6 Qe6 35. Bf2 Kf8 36. Qxb7 Qxa2 37. Qxc6 Qe6 38. Bd5 Qd7 39. Qa6 Be7 40. Bf3 Qd3 41. Qxd3 Rxd3 42. Bd4 Rd2 43. Ra1 a2 44. Bd5 Rb2 45. Rxa2 Rgxg2+ 46. Bxg2 Rxa2 47. f5 Ra1+ 48. Kf2 Bd6 49. Bd5 Rb1 50. Be4 Rb2+ 51. Kf3 h5 52. Bf6 Be7 53. Be5 h4 54. Kg4 Rb3 55. Bd5 Rb1 56. f6 Bd8 57. Kxh4 Re1 58. Bd4 Rf1 59. Kg5 Rd1 60. Kf5 Rf1+ 61. Kg5 Rd1 62. b5 Rb1 63. Bc4 Rb2 64. Kf5 Rb1 65. Ke5 Re1+ 66. Kd6 Rd1 67. Kc6 Rb1 68. b6 Ke8 69. b7 Ba5 70. Bb5 Bc7 71. Kxc7+ Rxb5 72. b8=Q+ Rxb8 73. Kxb8 Kd7 74. Kb7 Ke6 75. c4 Kd6 76. c5+ Kd5 77. c6 Kxd4 78. c7 Ke5 79. c8=Q Kxf6 80. Qg4 1-0


[Site "https://www.chess.com"]

[Event "Titled Tuesday Blitz June 22 2021"]
[White "Firat, Burak"]
[Black "Ibrahimli, Murad"]
[WhiteFideId "6305881"]
[BlackFideId "13410229"]
[WhiteElo "2531"]
[BlackElo "2109"]
[Result "1-0"]
[Round "06"]
[TimeControl "180+1"]
[Date "2021.06.22"]
[WhiteClock "0:00:14"]
[BlackClock "0:00:07"]

1. e4 c5 2. Nf3 d6 3. d4 cxd4 4. Nxd4 Nf6 5. Nc3 a6 6. h4 Nc6 7. Nxc6 bxc6 8. h5 h6 9. Qd3 Nd7 10. Qg3 Rb8 11. b3 e5 12. Bb2 Qg5 13. Qf3 Qf6 14. Qe3 Nc5 15. O-O-O Be7 16. Kb1 a5 17. g3 Bg4 18. Be2 Bxe2 19. Qxe2 a4 20. f4 axb3 21. axb3 O-O 22. Qg4 Qe6 23. Qxe6 fxe6 24. fxe5 d5 25. Rhf1 Rxf1 26. Rxf1 d4 27. Ne2 d3 28. Nd4 Nxe4 29. Rd1 dxc2+ 30. Kxc2 Rf8 31. Nxe6 Rf2+ 32. Kb1 Nd2+ 33. Ka2 Nf3 34. Rd7 Kf7 35. Nf4 Nxe5 36. Rc7 Ke8 37. b4 Nc4 38. Kb3 Nxb2 39. Ne6 Bf6 40. Nxg7+ Bxg7 41. Rxg7 Nd3 42. Rg6 Rf3 43. Ka4 Kd7 44. g4 Kc7 45. Rxh6 Kb6 46. b5 Nc5+ 47. Kb4 Rf4+ 48. Kc3 Kxb5 49. g5 Ne4+ 50. Kd3 Nxg5 51. Rg6 Nf3 52. Ke3 Rf7 53. h6 Ne5 54. Rg7 Rf1 55. Rg5 Re1+ 56. Kf2 Re4 57. h7 Rh4 58. Rxe5+ c5 59. Re7 Kb4 60. Kg3 Rh1 61. Re4+ c4 62. Rh4 1-0


[Site "https://www.chess.com"]

[Event "Titled Tuesday Blitz June 22 2021"]
[White "Gabrielian, Artur"]
[Black "Dubov, Daniil"]
[WhiteFideId "4131002"]
[BlackFideId "24126055"]
[WhiteElo "2539"]
[BlackElo "2722"]
[Result "0-1"]
[Round "06"]
[TimeControl "180+1"]
[Date "2021.06.22"]
[WhiteClock "0:00:11"]
[BlackClock "0:00:05"]

1. e4 e5 2. Nc3 Nf6 3. g3 d5 4. exd5 Nxd5 5. Bg2 Nf6 6. Nf3 Nc6 7. d3 Bd6 8. O-O h6 9. Re1 O-O 10. a3 Re8 11. b4 a6 12. Bb2 Bf5 13. h3 Qd7 14. Kh2 Rad8 15. Nd2 Nd4 16. Nce4 Nxe4 17. Nxe4 Bf8 18. Nc5 Bxc5 19. bxc5 Nc6 20. Qh5 Bg6 21. Qh4 Re6 22. Re3 Rde8 23. Rae1 Kh7 24. f4 exf4 25. Qxf4 Rxe3 26. Rxe3 Rxe3 27. Qxe3 f6 28. d4 Ne7 29. c4 c6 30. Bc3 Bf7 31. Qd3+ Kg8 32. Bd2 Qe6 33. Qb3 Qxc4 34. Qxb7 Qe2 35. Qb8+ Kh7 36. Qb1+ Kg8 37. Qb8+ Kh7 38. Qb1+ Bg6 39. Qe1 Qxe1 40. Bxe1 Bd3 41. g4 Bc4 42. Kg3 Nd5 43. Ba5 g6 44. h4 Kg7 45. Be4 Kf7 46. h5 g5 47. Bg6+ Ke6 48. Bf5+ Ke7 49. Bd2 Ke8 50. Be4 Ne7 51. Ba5 Kd7 52. Kf2 Be6 53. Bf3 f5 54. gxf5 Nxf5 55. Bc3 Bc4 56. Bg4 Bd3 57. d5 cxd5 58. Bg7 Kc6 59. Bxf5 Bxf5 60. Bxh6 Kxc5 61. Bxg5 Kc4 62. Ke3 d4+ 63. Kd2 d3 64. Bf6 Be4 65. h6 Bh7 66. Bg7 Bg6 67. Ke3 Bh7 68. Bf6 Kb3 69. Kd2 Kxa3 70. Kc3 a5 71. Bd8 a4 72. Bf6 Ka2 73. Bg5 Bg6 74. Bf4 Bh7 75. Bg5 a3 76. Bc1 Bg6 77. Kb4 Kb1 0-1


[Site "https://www.chess.com"]

[Event "Titled Tuesday Blitz June 22 2021"]
[White "Hammer, Jon Ludvig"]
[Black "Quparadze, Giga"]
[WhiteFideId "1503707"]
[BlackFideId "13602250"]
[WhiteElo "2607"]
[BlackElo "2658"]
[Result "1-0"]
[Round "06"]
[TimeControl "180+1"]
[Date "2021.06.22"]
[WhiteClock "0:00:07"]
[BlackClock "0:00:16"]

1. e4 c5 2. Nf3 e6 3. g3 Nc6 4. Bg2 Nf6 5. Nc3 d5 6. exd5 exd5 7. d4 Bg4 8. O-O Nxd4 9. Qe1+ Be6 10. Nxd4 cxd4 11. Ne2 Qb6 12. b3 Bc5 13. Bb2 O-O 14. Qd1 Bg4 15. h3 Bxe2 16. Qxe2 Rfe8 17. Qd3 Rac8 18. Rad1 h6 19. Rfe1 Rxe1+ 20. Rxe1 Qa5 21. Ra1 Qb6 22. a3 a5 23. Re1 Qd6 24. Ra1 Qb6 25. Rd1 Qc7 26. Re1 Bb6 27. Re2 Qc5 28. Bf3 h5 29. Kg2 Qd6 30. h4 Qc5 31. Qf5 Qc6 32. Bc1 g6 33. Qd3 Ne4 34. Bb2 Qc5 35. Bxe4 dxe4 36. Qxe4 Qb5 37. Rd2 a4 38. b4 Qc6 39. Qxc6 Rxc6 40. Kf3 f5 41. Ke2 Re6+ 42. Kd3 Re1 43. Bxd4 Bxd4 44. Kxd4 Ra1 45. Rd3 Kf7 46. Kc5 Rf1 47. f4 Rf2 48. Rc3 Ke6 49. Kb6 Kd5 50. Kxb7 Kd4 51. Rc6 Rg2 52. Rxg6 Rxc2 53. Ra6 Rc3 54. Rxa4 Rxg3 55. b5+ Kc5 56. b6 Rb3 57. Ra5+ Kd6 58. Rxf5 Rxa3 59. Rxh5 Rb3 60. Rh6+ Kd7 61. h5 Rf3 62. Rf6 Ke7 63. Rf5 Ke6 64. Re5+ Kd6 65. h6 Rxf4 66. Rh5 Rf7+ 67. Ka6 Rh7 68. b7 Rh8 69. Ka7 Rh7 70. Ka8 1-0


[Site "https://www.chess.com"]

[Event "Titled Tuesday Blitz June 22 2021"]
[White "Hansen, Eric"]
[Black "Ponikarovsky, Alexey"]
[WhiteFideId "2606771"]
[BlackFideId "4122887"]
[WhiteElo "2568"]
[BlackElo "1944"]
[Result "1-0"]
[Round "06"]
[TimeControl "180+1"]
[Date "2021.06.22"]
[WhiteClock "0:02:29"]
[BlackClock "0:02:30"]

1. b3 d5 2. Bb2 e6 3. e3 Nf6 4. Nf3 Be7 5. c4 O-O 6. Be2 b6 7. cxd5 exd5 8. Nc3 Be6 9. O-O c5 10. d4 Nc6 11. Rc1 Rc8 12. dxc5 bxc5 13. Na4 Nd7 14. Bd3 h6 15. Bb1 Nb4 16. a3 Na6 17. Qd3 1-0


[Site "https://www.chess.com"]

[Event "Titled Tuesday Blitz June 22 2021"]
[White "Indjic, Aleksandar"]
[Black "Mirzoev, Azer"]
[WhiteFideId "911925"]
[BlackFideId "13400304"]
[WhiteElo "2643"]
[BlackElo "2525"]
[Result "1-0"]
[Round "06"]
[TimeControl "180+1"]
[Date "2021.06.22"]
[WhiteClock "0:00:05"]
[BlackClock "0:00:01"]

1. d4 d5 2. Nf3 c6 3. Bf4 Nf6 4. e3 Qb6 5. Qc1 Bg4 6. Nbd2 e6 7. Bd3 Nbd7 8. O-O Be7 9. h3 Bh5 10. c3 Bg6 11. Bxg6 hxg6 12. Re1 a5 13. Qc2 O-O 14. a4 c5 15. Bg5 Rfc8 16. Ne5 Qd8 17. Nxd7 Nxd7 18. Bf4 Nf6 19. Qb3 b6 20. Be5 Bd6 21. Bxf6 gxf6 22. Rad1 f5 23. c4 cxd4 24. cxd5 exd5 25. exd4 Bb4 26. Re5 Bxd2 27. Rxd2 Rc4 28. Qf3 Qd6 29. g3 Rxd4 30. Rxd5 Rxd5 31. Rxd5 Qe7 32. Rxf5 Re8 33. Rf6 Qc7 34. h4 Re5 35. Rc6 Qd8 36. Kg2 Rf5 37. Qe4 Qd2 38. Rc8+ Kg7 39. Qe3 Qxe3 40. fxe3 b5 41. b3 bxa4 42. bxa4 Rd5 43. Rc4 Rd3 44. Kf3 Ra3 45. Ke4 Ra1 46. g4 Rh1 47. Rc5 Rxh4 48. Kf3 Rh3+ 49. Kf4 Rh4 50. e4 Rh2 51. Rxa5 Ra2 52. g5 Kf8 53. Ra7 Kg7 54. a5 Ra4 55. Ra8 Ra3 56. a6 Ra1 57. Ke5 Ra5+ 58. Kd6 Rxg5 59. e5 Rg1 60. Rc8 Ra1 61. Rc6 g5 62. Kc7 g4 63. Kb7 g3 64. Rc3 Kg6 65. Rxg3+ Kf5 66. Rf3+ Ke6 67. Rf6+ Ke7 68. a7 Rb1+ 69. Rb6 Ra1 70. a8=Q Rxa8 71. Kxa8 1-0


[Site "https://www.chess.com"]

[Event "Titled Tuesday Blitz June 22 2021"]
[White "Kamsky, Gata"]
[Black "Petriashvili, Nikoloz"]
[WhiteFideId "2000024"]
[BlackFideId "13611216"]
[WhiteElo "2644"]
[BlackElo "2430"]
[Result "1-0"]
[Round "06"]
[TimeControl "180+1"]
[Date "2021.06.22"]
[WhiteClock "0:00:18"]
[BlackClock "0:00:03"]

1. d4 Nf6 2. Nf3 g6 3. c3 Bg7 4. Bg5 O-O 5. Nbd2 d6 6. e4 Nc6 7. Bd3 e5 8. O-O h6 9. Bh4 Bd7 10. Re1 Qe8 11. Nc4 a6 12. a4 Rb8 13. dxe5 dxe5 14. Ne3 Be6 15. b4 Nh5 16. Bc4 Nf4 17. Qb3 b5 18. axb5 axb5 19. Bxe6 fxe6 20. Rad1 g5 21. Bg3 Kh7 22. Qc2 Qh5 23. Bxf4 exf4 24. e5+ Kh8 25. Nf1 g4 26. Nd4 Nxd4 27. cxd4 f3 28. Ng3 Qf7 29. Ne4 fxg2 30. Re3 Rbd8 31. Rc3 Rd7 32. Kxg2 Rfd8 33. Rcd3 Qg6 34. Qe2 Rf7 35. Rg3 h5 36. h3 gxh3+ 37. Kxh3 Qf5+ 38. Kg2 Rdf8 39. Rh1 Bh6 40. Rxh5 Qh7 41. Nf6 Rxf6 42. exf6 Rxf6 43. Qe5 Qf7 44. Rxh6+ 1-0


[Site "https://www.chess.com"]

[Event "Titled Tuesday Blitz June 22 2021"]
[White "Karthikeyan, Murali"]
[Black "Shevchenko, Kirill"]
[WhiteFideId "5074452"]
[BlackFideId "14129574"]
[WhiteElo "2564"]
[BlackElo "2569"]
[Result "0-1"]
[Round "06"]
[TimeControl "180+1"]
[Date "2021.06.22"]
[WhiteClock "0:00:01"]
[BlackClock "0:00:09"]

1. e4 c5 2. Nf3 g6 3. d4 cxd4 4. Nxd4 Nc6 5. c4 Bg7 6. Be3 Nf6 7. Nc3 d6 8. Be2 O-O 9. O-O Nxd4 10. Bxd4 Bd7 11. Qd2 Bc6 12. f3 a5 13. b3 Nd7 14. Be3 Nc5 15. Rab1 e6 16. Rfd1 Be5 17. Bf4 Qb6 18. Kh1 Qb4 19. Bxe5 dxe5 20. a3 Qxa3 21. Qd6 Rad8 22. Qxe5 Nxb3 23. h4 Rxd1+ 24. Rxd1 Qc5 25. Qf6 a4 26. f4 Qe3 27. h5 Bxe4 28. Nxe4 Qxe2 29. Rd8 Qxh5+ 30. Kg1 Qh6 31. Ng5 Qg7 32. Qe7 Nd4 33. Nxh7 Rxd8 0-1


[Site "https://www.chess.com"]

[Event "Titled Tuesday Blitz June 22 2021"]
[White "Kollars, Dmitrij"]
[Black "Khanin, Semen"]
[WhiteFideId "12909572"]
[BlackFideId "4111990"]
[WhiteElo "2576"]
[BlackElo "2521"]
[Result "1-0"]
[Round "06"]
[TimeControl "180+1"]
[Date "2021.06.22"]
[WhiteClock "0:02:09"]
[BlackClock "0:01:35"]

1. e4 c5 2. Nf3 Nc6 3. Bb5 g6 4. O-O Bg7 5. c3 Nf6 6. Re1 O-O 7. d4 d5 8. e5 Ne4 9. Be3 Qb6 10. Bxc6 bxc6 11. Qc1 c4 12. Nbd2 Bf5 13. Nh4 Nxd2 14. Nxf5 gxf5 15. Qxd2 e6 16. Bh6 Qd8 17. b3 cxb3 18. axb3 Qh4 19. Bxg7 Kxg7 20. Re3 Kh8 21. Rh3 Qg4 22. Qh6 Qg6 23. Qh4 f6 24. exf6 Qxf6 25. Qxh7# 1-0


[Site "https://www.chess.com"]

[Event "Titled Tuesday Blitz June 22 2021"]
[White "Kovalev, Vladislav"]
[Black "Lagno, Kateryna"]
[WhiteFideId "13504398"]
[BlackFideId "14109336"]
[WhiteElo "2573"]
[BlackElo "2608"]
[Result "1-0"]
[Round "06"]
[TimeControl "180+1"]
[Date "2021.06.22"]
[WhiteClock "0:00:12"]
[BlackClock "0:00:02"]

1. e4 e5 2. Nf3 Nc6 3. Bb5 a6 4. Ba4 Nf6 5. O-O b5 6. Bb3 Bc5 7. c3 d6 8. a4 Rb8 9. d4 Bb6 10. axb5 axb5 11. Na3 O-O 12. Nxb5 Bg4 13. Bc2 Qd7 14. Bg5 Nxe4 15. Bxe4 d5 16. Bd3 e4 17. Be2 exf3 18. Bxf3 Bxf3 19. Qxf3 h6 20. Bh4 Na5 21. Na3 Nb3 22. Rad1 Rfe8 23. h3 Re4 24. Bg3 Rbe8 25. Nc2 c6 26. Rfe1 f5 27. Qd3 f4 28. Rxe4 Rxe4 29. f3 Re6 30. Bxf4 Qf7 31. Bg3 Bd8 32. Re1 Bg5 33. h4 Bd2 34. Rxe6 Qxe6 35. Kh2 Bc1 36. Nb4 Nd2 37. Na6 g5 38. Nc5 Qf7 39. b3 gxh4 40. Bxh4 Qh5 41. g3 Nxf3+ 42. Kh3 Nxh4 43. gxh4 Bf4 44. Kg2 Qg4+ 45. Kf2 Qxh4+ 46. Ke2 Qg4+ 47. Kf1 Bg3 48. Kg2 Bh4+ 49. Kh2 Bg5 50. Kh1 Bf4 51. c4 Qh4+ 52. Kg2 Qg4+ 53. Kf2 h5 54. Qf3 Qg5 55. cxd5 cxd5 56. Ne6 Qh4+ 57. Kf1 Bd6 58. Qxd5 Qh3+ 59. Ke2 Qg4+ 60. Kd3 Qg3+ 61. Kc4 Kh7 62. Qxh5+ Kg8 63. Qe8+ Kh7 64. Qf7+ Kh6 65. Qf6+ Kh5 66. Kd5 Bb4 67. Ng7+ Kg4 68. Qf5+ Kh4 69. Qh5# 1-0


[Site "https://www.chess.com"]

[Event "Titled Tuesday Blitz June 22 2021"]
[White "Lagarde, Maxime"]
[Black "Mamedyarov, Shakhriyar"]
[WhiteFideId "662399"]
[BlackFideId "13401319"]
[WhiteElo "2630"]
[BlackElo "2716"]
[Result "1/2-1/2"]
[Round "06"]
[TimeControl "180+1"]
[Date "2021.06.22"]
[WhiteClock "0:00:09"]
[BlackClock "0:00:28"]

1. d4 d5 2. Nf3 c5 3. e3 Nf6 4. dxc5 Qa5+ 5. Nbd2 Qxc5 6. a3 Qc7 7. c4 dxc4 8. Bxc4 Nc6 9. b4 Bg4 10. Bb2 e6 11. Rc1 a6 12. h3 Bh5 13. g4 Bg6 14. h4 h5 15. g5 Ng4 16. Nd4 Rd8 17. Bxa6 Nxe3 18. Qa4 Be7 19. Nxc6 bxc6 20. Qxc6+ Qxc6 21. Rxc6 Nc2+ 22. Rxc2 Bxc2 23. Bxg7 Kd7 24. Bxh8 Rxh8 25. Rh3 Ra8 26. Bb5+ Kd6 27. Rc3 Bf5 28. Nc4+ Kc7 29. Ne3+ Kb6 30. Nxf5 exf5 31. Be2 Rxa3 32. Rxa3 Bxb4+ 33. Kf1 Bxa3 34. Bxh5 f6 35. f4 Bd6 36. g6 Bf8 37. Ke2 Kc5 38. Ke3 Kd6 39. Bd1 Bh6 40. Bc2 Ke6 41. Bb3+ Ke7 42. h5 Kf8 43. Be6 Kg7 44. Bxf5 Kh8 45. Ke4 Bf8 46. Bg4 Kg7 47. Kf5 Bd6 48. Bd1 Bc7 49. Bb3 Bd6 50. Ke4 Bc7 51. f5 Ba5 52. Kd5 Bd2 53. Ke6 Bh6 54. Ke7 Bg5 55. Ke6 Bh6 56. Ke7 Bg5 57. Ke6 Bh6 1/2-1/2


[Site "https://www.chess.com"]

[Event "Titled Tuesday Blitz June 22 2021"]
[White "Lomasov, Semyon"]
[Black "Sjugirov, Sanan"]
[WhiteFideId "24164879"]
[BlackFideId "4189302"]
[WhiteElo "2445"]
[BlackElo "2472"]
[Result "1-0"]
[Round "06"]
[TimeControl "180+1"]
[Date "2021.06.22"]
[WhiteClock "0:00:06"]
[BlackClock "0:00:06"]

1. e4 c5 2. Nc3 d6 3. Nf3 a6 4. g3 Nc6 5. d4 cxd4 6. Nxd4 g6 7. Bg2 Bg7 8. Be3 Bd7 9. O-O Nf6 10. h3 O-O 11. Nxc6 Bxc6 12. Nd5 Nxd5 13. exd5 Bb5 14. Re1 Bxb2 15. a4 Bd7 16. Bh6 Bxa1 17. Qxa1 f6 18. Bxf8 Kxf8 19. Be4 Rc8 20. h4 Qa5 21. h5 Kf7 22. Qc1 Qc3 23. Bd3 Bxa4 24. Qe3 Rc7 25. hxg6+ hxg6 26. Qe4 f5 27. Qe6+ Kg7 28. g4 Qf6 29. gxf5 Qxe6 30. Rxe6 gxf5 31. Bxf5 Kf8 32. Re2 Rc5 33. Rd2 Bb5 34. f3 Bc4 35. Be6 a5 36. Rg2 1-0


[Site "https://www.chess.com"]

[Event "Titled Tuesday Blitz June 22 2021"]
[White "Makhnev, Denis"]
[Black "Timofeev, Artyom"]
[WhiteFideId "13707647"]
[BlackFideId "4140419"]
[WhiteElo "2549"]
[BlackElo "2582"]
[Result "0-1"]
[Round "06"]
[TimeControl "180+1"]
[Date "2021.06.22"]
[WhiteClock "0:00:19"]
[BlackClock "0:00:48"]

1. Nf3 Nf6 2. c4 c5 3. Nc3 g6 4. g3 Bg7 5. Bg2 O-O 6. O-O Nc6 7. d4 cxd4 8. Nxd4 Ng4 9. e3 d6 10. b3 Nxd4 11. exd4 Nh6 12. Bb2 Nf5 13. Nd5 Bd7 14. Re1 Re8 15. Rc1 Rb8 16. Qd3 b5 17. Bc3 bxc4 18. bxc4 h5 19. c5 Bb5 20. Qe4 Bc6 21. Nf6+ Bxf6 22. Qxc6 Nxd4 23. Bxd4 Bxd4 24. cxd6 Qxd6 25. Qxd6 exd6 26. Rxe8+ Rxe8 27. Rc2 Re1+ 28. Bf1 Bb6 29. Kg2 d5 30. Rd2 d4 31. Bc4 Kf8 32. h4 Rc1 33. Bb3 Ke7 34. Kf3 Rc3+ 35. Ke4 f5+ 36. Kf4 Kf6 0-1


[Site "https://www.chess.com"]

[Event "Titled Tuesday Blitz June 22 2021"]
[White "Martinez Alcantara, Jose Eduardo"]
[Black "Donchenko, Alexander"]
[WhiteFideId "3805662"]
[BlackFideId "24603295"]
[WhiteElo "2690"]
[BlackElo "2553"]
[Result "1/2-1/2"]
[Round "06"]
[TimeControl "180+1"]
[Date "2021.06.22"]
[WhiteClock "0:00:08"]
[BlackClock "0:00:03"]

1. e4 c6 2. Nf3 d5 3. d3 dxe4 4. dxe4 Qxd1+ 5. Kxd1 Nf6 6. Nbd2 Nbd7 7. Bc4 e6 8. Ne1 h5 9. Nd3 h4 10. h3 a5 11. a4 Nc5 12. Nxc5 Bxc5 13. Ke2 e5 14. Rd1 Ke7 15. Nb3 Ba7 16. f3 Bb6 17. Be3 Bxe3 18. Kxe3 Nh5 19. Bf1 Nf4 20. Nc5 b6 21. Nd3 Nxd3 22. Rxd3 Be6 23. Rc3 c5 24. Bb5 Rad8 25. Rd3 Rxd3+ 26. Bxd3 Rd8 27. c3 Bb3 28. Ra3 c4 29. Be2 g5 30. Ra1 Rd6 31. Ra3 Kd7 32. Ra1 Kc6 33. Bf1 Kc5 34. Be2 Bc2 35. Kf2 Rd8 36. Ke3 f6 37. Kf2 Rd6 38. Ke3 Bb3 39. Ra3 Bd1 40. Bf1 Bc2 41. Be2 Bd3 42. Ra1 Bc2 43. Kf2 Bb3 44. Ke3 Rd8 45. Ra3 Rd7 46. Ra1 Rd6 47. Ra3 Bd1 48. Bf1 Bc2 49. Be2 Bd1 1/2-1/2


[Site "https://www.chess.com"]

[Event "Titled Tuesday Blitz June 22 2021"]
[White "Morchiashvili, Bachana"]
[Black "Muradli, Mahammad"]
[WhiteFideId "13602535"]
[BlackFideId "13409301"]
[WhiteElo "2278"]
[BlackElo "2482"]
[Result "0-1"]
[Round "06"]
[TimeControl "180+1"]
[Date "2021.06.22"]
[WhiteClock "0:00:26"]
[BlackClock "0:00:37"]

1. d4 d6 2. Nf3 g6 3. c4 Bg7 4. Nc3 Nd7 5. e4 e5 6. Be2 Ne7 7. O-O O-O 8. d5 f5 9. Ng5 Nf6 10. Bf3 f4 11. b4 h6 12. Ne6 Bxe6 13. dxe6 Nc6 14. Nd5 Re8 15. b5 Nd4 16. e7 Qd7 17. a4 c6 18. bxc6 bxc6 19. Nxf6+ Bxf6 20. Bg4 Qxe7 21. Bb2 h5 22. Bxd4 exd4 23. Bf3 Be5 24. c5 dxc5 25. Rc1 Rab8 26. Qd3 Rb4 27. Qa6 Qd6 28. Qxa7 c4 29. a5 d3 30. Rfd1 d2 31. Rc2 c3 32. h4 Qd3 33. Qc5 Rc4 34. Rdxd2 Rxc5 35. Rxd3 Rxa5 36. Rd7 Kf8 37. Be2 Re7 38. Rd8+ Kg7 39. Bc4 Ra4 40. Bb3 Rxe4 41. Rg8+ Kh7 42. Rc8 Rb4 43. Bg8+ Kg7 44. Ba2 Rb2 45. Rxb2 cxb2 46. Rxc6 Bf6 47. Rb6 Re1+ 48. Kh2 Ra1 49. Rb7+ Kh6 50. Bg8 Bg7 51. g4 fxg3+ 52. fxg3 b1=Q 53. Rxb1 Rxb1 54. Bd5 Be5 55. Kh3 Rb2 56. Be4 Rb3 57. Kh2 Rxg3 58. Kh1 g5 59. hxg5+ Kxg5 60. Bd5 h4 61. Bg2 Kf4 62. Bd5 Ke3 63. Bg2 Kf2 64. Kh2 Re3+ 65. Kh1 Re1+ 66. Bf1 Rxf1# 0-1


[Site "https://www.chess.com"]

[Event "Titled Tuesday Blitz June 22 2021"]
[White "Nakamura, Hikaru"]
[Black "Korobov, Anton"]
[WhiteFideId "2016192"]
[BlackFideId "14105730"]
[WhiteElo "2900"]
[BlackElo "2668"]
[Result "0-1"]
[Round "06"]
[TimeControl "180+1"]
[Date "2021.06.22"]
[WhiteClock "0:00:03"]
[BlackClock "0:00:31"]

1. e4 c5 2. Nf3 Nc6 3. Bb5 e6 4. Bxc6 bxc6 5. O-O d5 6. d3 Ne7 7. Re1 Ng6 8. c4 Be7 9. Nc3 O-O 10. b3 Bf6 11. e5 Be7 12. Na4 f6 13. Bb2 Qc7 14. g3 Bd7 15. Qe2 Rf7 16. exf6 gxf6 17. Ba3 e5 18. Bxc5 Bg4 19. h3 Bxh3 20. Nd2 Rg7 21. Kh2 Be6 22. cxd5 cxd5 23. Rac1 Qd7 24. Bxe7 Qxe7 25. Qh5 Qb4 26. Nf1 Rf8 27. Ne3 Nf4 28. gxf4 Qxf4+ 29. Kh1 Qxf2 30. Re2 Qg3 31. Rf1 d4 32. Nc5 Bh3 33. Nf5 Bg2+ 34. Kg1 Bf3+ 35. Nxg3 Rxg3+ 36. Kf2 Bxh5 37. Kxg3 Bxe2 38. Rf2 Bh5 39. Nd7 Bg6 40. Nxf8 Kxf8 41. Rxf6+ Ke7 42. Ra6 Bxd3 43. Rxa7+ Kd6 44. b4 e4 45. Rxh7 e3 46. Rh8 Be4 47. Re8 Bc6 48. Rd8+ Ke5 49. Rc8 d3 50. b5 d2 0-1


[Site "https://www.chess.com"]

[Event "Titled Tuesday Blitz June 22 2021"]
[White "Ozen, Bahadir"]
[Black "Visakh N R"]
[WhiteFideId "6337058"]
[BlackFideId "25012223"]
[WhiteElo "2503"]
[BlackElo "2428"]
[Result "1/2-1/2"]
[Round "06"]
[TimeControl "180+1"]
[Date "2021.06.22"]
[WhiteClock "0:00:06"]
[BlackClock "0:00:08"]

1. h3 e5 2. c3 d5 3. d4 e4 4. Bf4 Bd6 5. Bxd6 Qxd6 6. e3 Ne7 7. Qa4+ c6 8. Qa3 Qd8 9. c4 O-O 10. Nc3 Be6 11. Nge2 Ng6 12. Rc1 a5 13. cxd5 cxd5 14. Nb5 Nc6 15. Qd6 Qb6 16. Nec3 Rfd8 17. Qc7 Qxc7 18. Nxc7 Rac8 19. N7b5 h5 20. Be2 h4 21. Kd2 f5 22. Na4 Rb8 23. Nc5 Bf7 24. Rc3 Nge7 25. Rg1 g6 26. Na4 Kg7 27. a3 Kf6 28. Nb6 Nc8 29. Na4 Nd6 30. Nxd6 Rxd6 31. Rgc1 Be8 32. Nc5 a4 33. Bd1 Na5 34. Bxa4 Nc4+ 35. Rxc4 dxc4 36. Bxe8 Rxe8 37. Rxc4 b6 38. Na6 b5 39. Nc7 Rb8 40. Rc5 b4 41. Nd5+ Kg7 42. Nxb4 f4 43. Re5 fxe3+ 44. fxe3 Rf6 45. Rxe4 Rf2+ 46. Kc3 Rxg2 47. Rxh4 Re8 48. Nd5 Rc8+ 49. Kb3 Rb8+ 50. Nb4 Rg3 51. d5 Rxe3+ 52. Kc4 Rc8+ 53. Kb5 Rb3 54. d6 Rxb2 55. d7 Rd8 56. Rd4 Kf7 57. Kc5 Ke6 58. Nc6 Rc2+ 59. Kb6 Rxd7 60. Rxd7 Kxd7 61. Ne5+ Ke6 62. Nxg6 Rc4 63. Kb5 Re4 64. a4 Kf6 65. a5 Kxg6 66. a6 Re8 67. a7 Ra8 68. Kb6 Rxa7 69. Kxa7 Kg5 70. h4+ Kxh4 1/2-1/2


[Site "https://www.chess.com"]

[Event "Titled Tuesday Blitz June 22 2021"]
[White "Perez Ponsa, Federico"]
[Black "Yanchenko, Roman"]
[WhiteFideId "117927"]
[BlackFideId "4137329"]
[WhiteElo "2672"]
[BlackElo "2514"]
[Result "1-0"]
[Round "06"]
[TimeControl "180+1"]
[Date "2021.06.22"]
[WhiteClock "0:00:19"]
[BlackClock "0:00:00"]

1. d4 d5 2. c4 c6 3. Nf3 Nf6 4. Nbd2 Bf5 5. g3 e6 6. Bg2 Bd6 7. Qb3 Qc8 8. Nh4 Bg6 9. O-O O-O 10. Nxg6 hxg6 11. e4 dxe4 12. Nxe4 Nxe4 13. Bxe4 Nd7 14. Be3 e5 15. c5 exd4 16. cxd6 dxe3 17. Qxe3 Qe8 18. Rfe1 Qe5 19. Bg2 Qxb2 20. Rab1 Qf6 21. Rxb7 Qxd6 22. Rxa7 Nf6 23. Rc1 Ng4 24. Qb6 Rxa7 25. Qxa7 Qd2 26. Rf1 Qc2 27. a4 Rd8 28. a5 Rd1 29. h3 Nf6 30. a6 Rxf1+ 31. Bxf1 Qa4 32. Qb8+ Kh7 33. a7 Qe4 34. a8=Q 1-0


[Site "https://www.chess.com"]

[Event "Titled Tuesday Blitz June 22 2021"]
[White "Pichot, Alan"]
[Black "David, Alexandru-Vasile"]
[WhiteFideId "110973"]
[BlackFideId "1223453"]
[WhiteElo "2622"]
[BlackElo "2404"]
[Result "1-0"]
[Round "06"]
[TimeControl "180+1"]
[Date "2021.06.22"]
[WhiteClock "0:01:10"]
[BlackClock "0:00:17"]

1. e4 c5 2. Nf3 e6 3. d4 cxd4 4. Nxd4 Nf6 5. Nc3 Nc6 6. Nxc6 bxc6 7. e5 Nd5 8. Ne4 Qc7 9. f4 Qb6 10. c4 Bb4+ 11. Ke2 f5 12. Nf2 Ba6 13. Kf3 Ne7 14. Be3 Bc5 15. Bxc5 Qxc5 16. Qd6 Qa5 17. h4 Rd8 18. Be2 Nc8 19. Qd4 c5 20. Qe3 O-O 21. Rhd1 Rfe8 22. Rd2 d5 23. exd6 Rxd6 24. Rad1 Qb6 25. Qe5 Red8 26. Rxd6 Rxd6 27. Rxd6 Qxd6 28. Qxd6 Nxd6 29. b3 Bb7+ 30. Kg3 Ne4+ 31. Nxe4 Bxe4 32. Bf3 Bb1 33. a3 Kf7 34. b4 Bd3 35. bxc5 Bxc4 36. Kf2 Kf6 37. Bb7 e5 38. c6 Bd5 39. Ba8 exf4 40. c7 Be6 41. Bb7 g5 42. hxg5+ Kxg5 43. c8=Q Bxc8 44. Bxc8 1-0


[Site "https://www.chess.com"]

[Event "Titled Tuesday Blitz June 22 2021"]
[White "Real De Azua, Ernesto"]
[Black "Demchenko, Anton"]
[WhiteFideId "108154"]
[BlackFideId "4160258"]
[WhiteElo "2476"]
[BlackElo "2593"]
[Result "0-1"]
[Round "06"]
[TimeControl "180+1"]
[Date "2021.06.22"]
[WhiteClock "0:00:04"]
[BlackClock "0:00:27"]

1. Nf3 Nf6 2. c4 g6 3. Nc3 Bg7 4. e4 O-O 5. d4 d6 6. Be2 e5 7. Be3 Nbd7 8. O-O c6 9. d5 Qe7 10. Bg5 h6 11. Bh4 c5 12. Ne1 a6 13. Nd3 Qe8 14. f3 Nh5 15. a3 Nf4 16. b4 f5 17. Bf2 b6 18. Rb1 Qe7 19. Na4 Ra7 20. Nxb6 Nxe2+ 21. Qxe2 Nxb6 22. bxc5 Nxc4 23. Rbc1 Nxa3 24. cxd6 Qf7 25. exf5 Bxf5 26. Nxe5 Qe8 27. f4 Ra8 28. Rc7 Nb5 29. Re7 Qd8 30. g4 Qxd6 31. Nc4 Nc3 32. Qe1 Qxd5 33. gxf5 Qxc4 34. fxg6 Bf6 35. Re6 Qxf4 36. Bg3 Bd4+ 37. Kg2 Qxf1+ 38. Qxf1 Rxf1 39. Kxf1 a5 0-1


[Site "https://www.chess.com"]

[Event "Titled Tuesday Blitz June 22 2021"]
[White "Sarana, Alexey"]
[Black "Tristan, Leonardo"]
[WhiteFideId "24133795"]
[BlackFideId "113816"]
[WhiteElo "2629"]
[BlackElo "2404"]
[Result "1/2-1/2"]
[Round "06"]
[TimeControl "180+1"]
[Date "2021.06.22"]
[WhiteClock "0:00:22"]
[BlackClock "0:00:09"]

1. e4 c5 2. Nf3 Nc6 3. d4 cxd4 4. Nxd4 Nf6 5. Nc3 e6 6. Ndb5 Bc5 7. Bf4 O-O 8. Bc7 Qe7 9. Bd6 Bxd6 10. Qxd6 Qd8 11. O-O-O a6 12. Nd4 Ne7 13. f3 b5 14. h4 Ne8 15. Qb4 d6 16. h5 h6 17. g4 Bd7 18. Qb3 Qb6 19. Kb1 b4 20. a3 a5 21. a4 Nc7 22. Ncb5 Nxb5 23. Nxb5 d5 24. exd5 Nxd5 25. Bc4 Bxb5 26. Bxb5 Rfd8 27. Rhe1 Rac8 28. Rd3 Nf4 29. Rxd8+ Rxd8 30. Qc4 Qf2 31. Rf1 Qd2 32. Qc7 Rd5 33. Qxa5 Ne2 34. Qa8+ Rd8 35. Qc6 Qd1+ 36. Rxd1 Rxd1+ 37. Ka2 Nc1+ 38. Kb1 Nb3+ 39. Ka2 Nc1+ 40. Kb1 Nb3+ 41. Ka2 Nc1+ 1/2-1/2


[Site "https://www.chess.com"]